AoeStats
← XceeS

Arabia

510367593Analyzed
1v1 RM · 2d ago on Sep 30, 2026· 32m 42s· 2 players
Game mode
Random Map
Map size
Tiny (2 player)
Population
200
Speed
Normal
Resources
Standard
Victory
Conquest
Starting age
Dark Age
Ending age
Imperial Age
RankedLock teamsTeams togetherTeam positionsShared explorationLock speedFull tech treeHidden civsTurbo modeCheats
Victory
Defeat
🇹🇷 Cumans · Türkiye
1207
+18
🇯🇵 Persians · Japan
1242
-18
XceeS
6:16 Loom
8:46 Feudal Age
16:00 Double-Bit Axe
21:33 Castle Age
20:01 Scale Barding Armor
20:14 Horse Collar
21:10 Forging
21:40 Bloodlines
21:25 Gold Mining
26:20 Chain Barding Armor
26:39 Iron Casting
happykids
5:58 Loom
8:29 Feudal Age
9:02 Double-Bit Axe
19:17 Castle Age
17:59 Gold Mining
17:58 Horse Collar
18:50 Bloodlines
19:59 Wheelbarrow
19:55 Scale Barding Armor
20:05 Bow Saw
21:31 Husbandry
25:21 Chain Barding Armor
25:51 Forging
29:35 Stone Mining
31:25 Iron Casting
Connection lost

Rejoining the realm…

Still unreachable

The connection could not be restored.

Session expired

The server has moved on; the page needs a fresh start.